 Dungeon Crawl Stone Soup version 0.28-a0-674-gdaf460b524 (webtiles) character file.

Game seed: 3909695400438083257

9 flotson the Sneak (level 2, -4/24 HPs)
             Began as a Demonspawn Delver on Oct 17, 2021.
             Slain by a hound (5 damage)
             ... on level 4 of the Dungeon.
             The game lasted 00:00:53 (76 turns).

flotson the Sneak (Demonspawn Delver)                 Turns: 76, Time: 00:00:53

Health: -4/24      AC:  3    Str: 12    XL:     2   Next: 6%
Magic:  2/2        EV: 12    Int: 11    God:
Gold:   0          SH:  0    Dex: 14    Spells: 1/1 levels left

rFire   . . .      SeeInvis .   h - +0 trident
rCold   . . .      Faith    .   (no shield)
rNeg    . . .      Spirit   .   b - +0 leather armour
rPois   .          Reflect  .   (helmet restricted)
rElec   .          Harm     .   (no cloak)
rCorr   .          Rampage  .   (no gloves)
Will    .....                   (no boots)
Stlth   ++........              (no amulet)
HPRegen 0.08/turn               (no ring)
MPRegen 0.08/turn               (no ring)

@: no status effects
A: horns 1
a: no special abilities


You were on level 4 of the Dungeon.
You visited 1 branch of the dungeon, and saw 2 of its levels.

Inventory:

Hand Weapons
 a - a +0 hand axe
 h - a +0 trident (weapon)
Armour
 b - a +0 leather armour (worn)
 f - a +1 ring mail
Wands
 g - a wand of digging (3)
Scrolls
 c - a scroll of fog


   Skills:
 + Level 3.1 Fighting
 + Level 2.0 Axes
 + Level 0.5 Armour
 + Level 2.0 Dodging
 - Level 4.5 Stealth


You had one spell level left.
You didn't know any spells.
Your spell library was empty.

Dungeon Overview and Level Annotations

Branches:
Dungeon (5/15)
 Temple: D:4-7

Altars:


Innate Abilities, Weirdness & Mutations

You have a pair of small horns on your head.


Message History

An orc comes into view. It is wielding a +0 falchion.
The orc shouts!
You hear a bark!
The orc moves out of view.
A hound comes into view.
Your extra speed is starting to run out.
You see here a scroll labelled NANIMO ECZULA.
d - a scroll labelled NANIMO ECZULA The orc hits you with a +0 falchion.
* * * LOW HITPOINT WARNING * * *
You feel yourself slow down.
Found a stone staircase leading up.
A hound comes into view.
The hound barks!
You hear a howl!
You hear a shout! x4
A wolf comes into view.
The wolf moves out of view.
You hear a shout!
You hear a shout! x2
There is a stone staircase leading up here.
The hound bites you.
* * * LOW HITPOINT WARNING * * *
You climb upwards.
Found a scroll labelled IRUPUMIEPAS and a scroll labelled ERCHUM DYCUQIN.
There is a stone staircase leading down here.
As you read the scroll labelled NANIMO ECZULA, it crumbles to dust.
It is a scroll of enchant armour.
Your +0 ring mail glows green for a moment.
The hound closely misses you. The hound bites you.
* * * LOW HITPOINT WARNING * * *
You closely miss the hound. You headbutt the hound.
The hound is lightly wounded.
The hound closely misses you. The hound barely misses you.
You hit the hound but do no damage.
You headbutt the hound, but do no damage.
The hound is lightly wounded.
The hound bites you but does no damage. The hound completely misses you.
You closely miss the hound.
You headbutt the hound, but do no damage.
The hound is lightly wounded.
The hound bites you.
You die...

## ... ....
..... # #
......###.#...#
.......@......#
......h.#.#....
......... .. #
.......... ...
........... ...
...........# ##
..........?#
..?.......##


You could see a hound.

Vanquished Creatures
  A gnoll (D:5)
1 creature vanquished.

Notes
Turn   | Place    | Note
-------+----------+-------------------------------------------
     0 | D:5      | flotson the Demonspawn Delver began the quest for the Orb.
     0 | D:5      | Reached XP level 1. HP: 18/18 MP: 1/1
    14 | D:5      | Gained mutation: You have a pair of small horns on your
                  | head. [demonic ancestry]
    14 | D:5      | Reached XP level 2. HP: 3/24 MP: 2/2
    69 | D:5      | Noticed a wolf
    73 | D:4      | HP: 1/24 [hound (2)]
    76 | D:4      | Slain by a hound

Illustrated notes

Levels and vault maps discovered:
D:4:      layout_rooms, hangedman_feature_mirror
D:5:      layout_cave_pools, serial_gnoll_camp, gnoll_camp_mini_basic,
          gnoll_camp_mini_hut, gnoll_camp_mini_basic, gnoll_camp_mini_loothouse,
          gnoll_camp_mini_hut, minmay_tree_intersection

Skill      XL: |  1 |
---------------+----+-----
Axes           | 2 |  2.0
Dodging        | 2 |  2.0
Fighting       | |  3.1
Armour         | |  0.5
Stealth        | |  4.5

Action                   || total
-------------------------++-------
Melee: Trident           ||     5
       Headbutt          ||     3
  Use: Potion            ||     1
       Scroll            ||     3
Armor: Leather armour    ||     1
Dodge: Dodged            ||     5

Table legend: (Time is in decaauts)
 A = Elapsed time spent in this place.
 B = Non-inter-level travel time spent in this place.
 C = Inter-level travel time spent in this place.
 D = Time resting spent in this place.
 E = Time spent auto-exploring this place.
 F = Levels seen in this place.
 G = Mean time per level.
                   A        B        C        D        E       F      G
               +--------+--------+--------+--------+--------+-----+--------+
         Total |     61 |     61 |      0 |      4 |      0 |   2 |   30.5 |
       Dungeon |     61 |     61 |      0 |      4 |      0 |   2 |   30.5 |
               +--------+--------+--------+--------+--------+-----+--------+

Top non-repeatable levels by time:
     D:5: 57 daAuts
     D:4: 4 daAuts
